 Dungeon Crawl Stone Soup version 0.19-a0-559-ga3d69d0 (webtiles) character file.

32 wvc the Ogre Mage (level 3, 4/37 HPs)
             Began as an Ogre Wanderer on June 8, 2016.
             Quit the game on level 2 of the Dungeon.
             The game lasted 00:01:32 (464 turns).

wvc the Ogre Mage (Ogre Wanderer)                    Turns: 464, Time: 00:01:33

Health: 4/37       AC:  3    Str: 19    XL:     3   Next: 25%
Magic:  8/8        EV:  9    Int:  9    God:
Gold:   67         SH:  0    Dex: 10    Spells: 0 memorised, 9 levels left

rFire  . . .     SeeInvis .     m - +0 mace
rCold  . . .     Gourm    .     f - +0 robe
rNeg   . . .     Faith    .     (no shield)
rPois  .         Spirit   .     (helmet restricted)
rElec  .         Dismiss  .     (no cloak)
rCorr  .         Reflect  .     (gloves unavailable)
SustAt .         Harm     .     (boots unavailable)
MR     .....                    l - amulet of magic regeneration
Stlth  +.........               (no ring)
                                (no ring)

@: lethally poisoned (4 -> -13), not resistant to hostile enchantments, very
unstealthy
A: unfitting armour, tough skin 1
a: no special abilities


You were on level 2 of the Dungeon.
You were not hungry.

You visited 1 branch of the dungeon, and saw 2 of its levels.

You collected 67 gold pieces.

Inventory:

Hand Weapons
 a - a +2 hand crossbow
 e - a +0 blowgun
 m - a +0 mace (weapon)
Missiles
 b - 16 bolts
 d - 12 poisoned needles
Armour
 f - a +0 robe (worn)
Jewellery
 l - an amulet of magic regeneration (around neck)
Scrolls
 i - a scroll of recharging {unknown}
 n - 3 scrolls of remove curse {unknown}
 o - a scroll of noise {unknown}
Books
 c - Sif Muna's Papyrus of the Compass

   Spells                             Type                      Level
   a - Apportation                    Translocation                1
   b - Recall                         Summoning/Translocation      3
Comestibles
 g - a bread ration
 h - a meat ration
 j - a slice of pizza


   Skills:
 - Level 3.6 Fighting
 * Level 2.4 Maces & Flails
 - Level 1.0 Crossbows
 - Level 1.0 Throwing
 + Level 0.6 Dodging
 - Level 1.0 Stealth
 - Level 3.6 Spellcasting
   Level 1.0 Conjurations
   Level 1.0 Air Magic


You had 9 spell levels left.
You didn't know any spells.

Dungeon Overview and Level Annotations

Branches:
Dungeon (2/15)

Altars:


Innate Abilities, Weirdness & Mutations

You are too large for most types of armour.
You have tough skin. (AC +1)


Message History

You miss the adder.
The adder is heavily wounded.
* * * LOW HITPOINT WARNING * * *
You feel sick. The adder barely misses you.
You closely miss the adder.
The adder is heavily wounded.
* * * LOW HITPOINT WARNING * * *
You feel sick. The adder barely misses you. The adder closely misses you.
You hit the adder.
The adder is almost dead.
* * * LOW HITPOINT WARNING * * *
You feel sick. The adder barely misses you. The adder closely misses you.
You closely miss the adder.
The adder is almost dead.
* * * LOW HITPOINT WARNING * * *
You feel sick. The adder bites you.
* * * LOW HITPOINT WARNING * * *
You are more poisoned.
The adder poisons you!
Are you sure you want to abandon this character and quit the game? (Confirm with "yes".)

#++## #........#
##.....(####........####
#(.......#..............
#.......................
........................
.(......................
..(.........###.........
......S(....#...........
...#@................
#.................
#.................
♣.♣..............>
♣.♣.<)♣♣.♣♣.......
♣.♣.......♣.######
♣.♣...P...♣.<
♣.♣...♣♣♣.P... ♣...♣
.♣..


You could see an adder.

Vanquished Creatures
  An adder (D:2)
  A worm (D:2)
  A dart slug (D:2)
  A ball python (D:1)
  3 goblins (D:1)
  2 hobgoblins (D:1)
  2 kobolds (D:2)
  3 bats (D:1)
  2 giant newts (D:1)
  3 rats (D:1)
19 creatures vanquished.

Notes
Turn   | Place    | Note
--------------------------------------------------------------
     0 | D:1      | wvc the Ogre Wanderer began the quest for the Orb.
     0 | D:1      | wvc set off with: a +2 hand crossbow, 32 bolts, Sif Muna's Papyrus of the Compass, 12 poisoned needles, a +0 blowgun, a +0 robe, a bread ration
     0 | D:1      | Reached XP level 1. HP: 22/22 MP: 5/5
   127 | D:1      | Reached XP level 2. HP: 29/31 MP: 6/6
   328 | D:1      | Reached skill level 1 in Maces & Flails
   447 | D:2      | Reached XP level 3. HP: 21/37 MP: 8/8
   453 | D:2      | HP: 1/37 [adder (1)]
   464 | D:2      | Quit the game

Vault maps used:
D:1:      lightli_arrival_chessboard, minivault_26, hangedman_decor_riveting
D:2:      kennysheep_big_flooded_room, overflow_temple_1_default,
          dancing_weapons_uskayaw, old_standard_altar, elyvilon_altar_4,
          grunt_pakellas_basics, serial_forest, infiniplex_forest_corner_2,
          infiniplex_forest_corner_1, infiniplex_forest_straight_2,
          infiniplex_forest_corner_1, infiniplex_forest_end_3,
          infiniplex_forest_clump_diagonal, bh_walls_and_bars, uniq_robin

Skill      XL: |  1  2 |
---------------+-------+-----
Fighting       | 3 |  3.6
Maces & Flails | 2 |  2.4
Crossbows      | |  1.0
Throwing       | |  1.0
Dodging        | |  0.6
Stealth        | |  1.0
Spellcasting   | |  3.6
Conjurations   | |  1.0
Air Magic      | |  1.0

Action                   || total
-------------------------++-------
Melee: Mace              ||    12
 Fire: Hand crossbow     ||    55
  Use: Potion            ||     1
Armor: Robe              ||    12
Dodge: Dodged            ||    17
